 Dungeon Crawl Stone Soup version bcrawl-1.21.3 (webtiles) character file.

Game seed: 7676657928962259907

49 funkygono the Conjurer (level 3, 0/21 HPs)
             Began as a Fairy Conjurer on Mar 29, 2020.
             Slain by Sigmund
             ... wielding a +3 scythe of freezing
              (7 damage)
             ... on level 2 of the Dungeon.
             The game lasted 00:02:36 (1386 turns).

funkygono the Conjurer (Fairy Conjurer)             Turns: 1386, Time: 00:02:36

Health: 0/21       AC:  4    Str:  6    XL:     3   Next: 75%
Magic:  6/9        EV: 16    Int: 19    God:
Gold:   85         SH:  0    Dex: 12    Spells: 2/8 levels left

rFire    . . .     SeeInvis .   i - +0 dagger
rCold    . . .     Gourm    .   (shield restricted)
rNeg     + . .     Faith    .   (armour unavailable)
rPois    .         Spirit   .   (no helmet)
rElec    .         Reflect  .   (no cloak)
rCorr    .         Harm     .   (no gloves)
MR       .....                  (no boots)
Stlth    ..........             (no amulet)
HPRegen  0.07/turn              d - ring of positive energy
MPRegen  0.11/turn              (no ring)

@: confused, flying evasively
A: small, magic attunement, unstealthy, unfitting armour, able to fly, AC/SH +4
a: Stop Flying


You were on level 2 of the Dungeon.
You were not hungry.

You visited 1 branch of the dungeon, and saw 2 of its levels.

You collected 85 gold pieces.

Inventory:

Hand Weapons
 i - a +0 dagger (weapon)
Missiles
 j - 477 stones (quivered)
Jewellery
 d - a ring of positive energy (left hand)
Scrolls
 a - a scroll of immolation {unknown}
 f - a scroll of enchant weapon {unknown}
 g - a scroll of teleportation {unknown}
 k - a scroll of remove curse
 l - a scroll of magic mapping {unknown}
Potions
 b - a potion of magic
 h - a potion of might {unknown}
 m - a potion of mutation {unknown}
Comestibles
 c - a chunk of flesh
 e - 5 rations {!d}


   Skills:
 + Level 2.8 Dodging
 + Level 1.7 Stealth
 + Level 3.1 Spellcasting
 + Level 6.1 Conjurations


You had 2 spell levels left.
You knew the following spells:

 Your Spells              Type           Power        Failure   Level  Hunger
a - Magic Dart            Conj           ####         1%          1    None
b - Searing Ray           Conj           ####....     1%          2    None
c - Iskenderun's Mystic   Conj           ####....     3%          3    None

Your spell library contained the following spells:

 Spells                   Type           Power        Failure   Level  Hunger
 Fulminant Prism          Conj/Hex       ##........   38%         4    None
 Irradiate                Conj/Tmut      ##........   75%         5    None


Dungeon Overview and Level Annotations

Branches:
Dungeon (2/12)

Altars:

Annotations:
D:2 Sigmund


Innate Abilities, Weirdness & Mutations

Your spells do not cause hunger and MP costs are reduced by 1.
Your bright wings attract enemies. (Stealth-)
You cannot fit into any form of body armour.
Your shimmering scales are hard and can block incoming attacks. (AC +4, SH +4)
You are small and have problems with some larger weapons.
You can fly continuously.


Message History

Aiming: Searing Ray (safe; 1% risk of failure)
Press: ? - help, Shift-Dir - straight line, f - Sigmund
Aim: Sigmund, wielding a +3 scythe of freezing and wearing a +0 robe of magic resistance The searing ray misses Sigmund. (Press . to maintain the ray.)
The searing ray hits Sigmund.
Sigmund is lightly wounded.
The searing ray hits Sigmund.
Sigmund is lightly wounded.
Sigmund screams, "Only death can liberate you!"
Sigmund casts a spell at you.
You are confused.
Sigmund gestures wildly while chanting.
Sigmund flickers and vanishes!
Deactivating autopickup; reactivate with Ctrl-A.
Something hits you!
Ouch! That really hurt!
Something freezes you. Something hits you!
You die...

##.. #.#...#..#
##.#.#.#.#.#..#
##.#.....#.#..#
##.#######.#.## ##.#
#......#
##'#######...##########
#......................
.....######.>....#####
#....#.........#@#
....)...†....#.#.#
....##.#####.#.#{#
..##.........#.#.#
.............#.#.#
.............#.#.#
.............#....
.............# ..#
##.#'#.........


There were no monsters in sight!

Vanquished Creatures
  An ooze (D:2)
  A worm (D:1)
  3 leopard geckos (D:1)
  2 giant cockroaches (D:1)
  8 goblins
  3 hobgoblins (D:2)
  3 jackals
  4 bats
  3 frilled lizards (D:1)
  7 kobolds
  2 rats (D:2)
37 creatures vanquished.

Notes
Turn   | Place    | Note
-------+----------+-------------------------------------------
     0 | D:1      | funkygono the Fairy Conjurer began the quest for the Orb.
     0 | D:1      | Reached XP level 1. HP: 11/11 MP: 6/6
   134 | D:1      | Reached skill level 5 in Conjurations
   178 | D:1      | Reached XP level 2. HP: 17/17 MP: 7/7
   185 | D:1      | Learned a level 2 spell: Searing Ray
   877 | D:1      | Reached XP level 3. HP: 21/21 MP: 9/9
  1036 | D:2      | Learned a level 3 spell: Iskenderun's Mystic Blast
  1085 | D:2      | Reached skill level 6 in Conjurations
  1378 | D:2      | Noticed Sigmund
  1386 | D:2      | Slain by Sigmund

Skill      XL: |  1  2  3 |
---------------+----------+-----
Conjurations   | 5 6 |  6.1
Spellcasting   | 3 |  3.1
Dodging        | |  2.8
Stealth        | |  1.7

Action                   || total
-------------------------++-------
 Cast: Magic Dart        ||    62
       Searing Ray       ||     4
  Use: Scroll            ||     3
  Eat: Chunk             ||     1
Armor: Skin              ||     2
Dodge: Dodged            ||    10
Block: Other             ||     3
